cohdb
Replays
Latest Replays
All Replays
Popular Replays
Top Player Replays
Match Explorer
How It Works
Community
CoH3 Stats
Reddit
Sign in to upload your games and track your stats! →
Sign in with Steam
Match 44547680
Unlisted
Match 44547680
Overview
Messages
Build Orders
End
Construct Barracks
1⁄4-ton 4x4 Truck
Selects Armored Battlegroup
Selects Veteran Crews
1⁄4-ton 4x4 Truck
Riflemen Squad
Riflemen Squad
Grenade Package
Selects M31 Recovery Vehicle
Mechanized Support Center
Construct Medical Station
Riflemen Squad
M1 Mortar Team
Selects Strength in Steel
Construct Tank Depot
Selects M8 Scott SPG
M8 Scott SPG
Etgo
Hk
Jarkke
挽心大人
RUB
goat
daveh2k
Spacejelly
0
0
Comments
sign in to comment!
No comments posted yet!